 Dungeon Crawl Stone Soup version 0.32-a0-699-g1ee5eff (webtiles) character file.

Game seed: 5910435467476765300

312 Toastz the Vexing (level 6, -18/30 HPs)
             Began as a Vine Stalker Enchanter on Mar 13, 2024.
             Demolished by an ogre
             ... wielding a +0 giant spiked club
              (32 damage)
             ... on level 4 of the Dungeon.
             The game lasted 00:08:35 (3123 turns).

Toastz the Vexing (Vine Stalker Enchanter)          Turns: 3123, Time: 00:08:36

Health: -18/30     AC:  4    Str: 11    XL:     6   Next: 42%
Magic:  0/10       EV: 10    Int: 17    God:
Gold:   255        SH:  0    Dex: 14    Spells: 4/9 levels left

rFire   . . .        b - +2 short sword (speed)
rCold   . . .        (no shield)
rNeg    . . .        m - +0 leather armour
rPois   .            (no helmet)
rElec   .            (no cloak)
rCorr   .            (no gloves)
SInv    .            p - +0 pair of boots
Will    +....        (no amulet)
Stlth   ++           d - +4 ring of slaying
HPRegen 1.05/turn    i - ring of willpower
MPRegen 0.12/turn

%: guardian spirit
@: no status effects
A: fangs 2, regeneration 1, magic shield, antimagic bite, no potion heal 2
a: no special abilities


You were on level 4 of the Dungeon.
You visited 1 branch of the dungeon, and saw 4 of its levels.

You collected 255 gold pieces.

Inventory:

Hand Weapons
 a - a +1 dagger
 b - a +2 short sword of speed (weapon)
Missiles
 f - 6 poisoned darts
Armour
 j - a +0 robe
 m - a +0 leather armour (worn)
 p - a +0 pair of boots (worn)
Jewellery
 d - a +4 ring of slaying (left hand)
 i - a ring of willpower (right hand)
Scrolls
 e - a scroll of teleportation {unknown}
 n - a scroll of fog {unknown}
 o - a scroll of enchant weapon
 r - a scroll of silence {unknown}
 s - a scroll of enchant armour {unknown}
 t - a scroll of identify
 u - a scroll of brand weapon {unknown}
 v - a scroll of revelation {unknown}
Potions
 c - 2 potions of invisibility
 g - a potion of brilliance {unknown}
 h - a potion of attraction
 k - 2 potions of curing
 l - a potion of resistance {unknown}
 q - a potion of cancellation {unknown}


   Skills:
 + Level 2.0 Fighting
 + Level 2.3 Short Blades
 + Level 1.4 Armour
 - Level 1.5 Dodging
 - Level 3.8 Stealth
 - Level 2.3 Spellcasting
 * Level 4.8 Hexes
 - Level 2.0 Ice Magic


You had 4 spell levels left.
You knew the following spells:

 Your Spells              Type           Power      Damage    Failure   Level
a - Ensorcelled Hibernat  Hex/Ice        26%        N/A       9%          2
b - Confusing Touch       Hex            18%        N/A       10%         3

Your spell library contained the following spells:

 Spells                   Type           Power      Damage    Failure   Level
 Tukima's Dance           Hex            18%        N/A       10%         3
 Dazzling Flash           Conj/Hex       20%        N/A       26%         3
 Inner Flame              Hex/Fire       10%        N/A       26%         3
 Volatile Blastmotes      Fire/Tloc      2%         2d10      58%         3
 Flame Wave               Conj/Fire      1%         2d4       94%         4
 Fulminant Prism          Conj/Alch      0%         3d5       94%         4
 Iskenderun's Mystic Bla  Conj/Tloc      1%         2d3       94%         4
 Leda's Liquefaction      Alch/Erth      0%         N/A       94%         4
 Sticky Flame             Fire/Alch      1%         2d4       94%         4
 Lee's Rapid Deconstruct  Erth           0%         3d4*      100%        5
 Permafrost Eruption      Ice/Erth       2%         2x4d2     100%        6


Dungeon Overview and Level Annotations

Branches:
Dungeon (4/15)
 Temple: D:4-7

Altars:
Cheibriados
Hepliaklqana
The Shining One

Shops:
D:4 ?(


Innate Abilities, Weirdness & Mutations

You have extremely sharp teeth.
Your natural rate of healing is unusually fast.
When hurt, damage is shared between your health and your magic reserves.
Your bite disrupts and absorbs the magic of your enemies.
Potions cannot restore your health.


Message History

Press: ? - help, Shift-Dir - straight line, f/p - ogre
Aim: an ogre, wielding a +0 giant spiked club (chance to affect: 47%)
You miscast Ensorcelled Hibernation.
You are very lightly contaminated with residual magic.
Nothing appears to happen.
Casting: Ensorcelled Hibernation (safe; 9% risk of failure)
Confirm with . or Enter, or press ? or * to list all spells.
Aiming: Ensorcelled Hibernation (safe; 9% risk of failure)
Press: ? - help, Shift-Dir - straight line, f/p - ogre
Aim: an ogre, wielding a +0 giant spiked club (chance to affect: 47%)
The ogre resists with some effort.
Casting: Ensorcelled Hibernation (safe; 9% risk of failure)
Confirm with . or Enter, or press ? or * to list all spells.
Aiming: Ensorcelled Hibernation (safe; 9% risk of failure)
Press: ? - help, Shift-Dir - straight line, f/p - ogre
Aim: an ogre, wielding a +0 giant spiked club (chance to affect: 47%)
The ogre resists with some effort.
Casting: Ensorcelled Hibernation (safe; 9% risk of failure)
Confirm with . or Enter, or press ? or * to list all spells.
You don't have enough magic to cast this spell.
You hit the ogre. You bite the ogre. You drain its power.
You feel invigorated.
The ogre is moderately wounded.
Casting: Ensorcelled Hibernation (safe; 9% risk of failure)
Confirm with . or Enter, or press ? or * to list all spells.
Your hands begin to glow red.
The ogre hits you with a +0 giant spiked club!
You hit the ogre but do no damage.
The ogre is moderately wounded.
You barely miss the ogre.
The ogre is moderately wounded.
The ogre hits you with a +0 giant spiked club!!
Ouch! That really hurt!
* * * LOW HITPOINT WARNING * * *
Your magical contamination has completely faded away.
The ogre attacks as it pursues you! The ogre barely misses you.
Your hands stop glowing.
The ogre attacks as it pursues you!
The ogre hits you with a +0 giant spiked club!!
Ouch! That really hurt!
You die...

..# .ß..##....#.#.......#.##..
#..# .##...#.#.#.#.#.#...##.#
#..# ##....#.#.#.#.#.######..
#..# ##..#..#.#.#.#.#.# ##.
...###................#######.
#.#..#..##.#†..#####....÷.).##.
#. #.#.###.#.........#....#.##.
#. #...# #[#.#O##.#.###.#.#.##.
.. ##.## #)#.#@##..## ##...)<..
#. #.# #.#.#<##.#.###.#.####.
#. ##.# #.#.#....##.#.##.# #.
###.##..# #.#.####.###.###.# #.
.......## #.#.# #.# ### #.# #.
.....### #.#. #.# #.# #. ......
#.# #.. ..# ## ......# ### ###
....... #.#


You could see an ogre.

Vanquished Creatures
  A bombardier beetle (D:3)
  A gnoll bouda (D:4)
  4 iguanas (D:4)
  3 gnolls (D:4)
  5 adders
  2 dart slugs
  3 orcs
  6 ball pythons
  6 endoplasms
  3 giant cockroaches
  9 goblins
  4 hobgoblins
  3 jackals (D:2)
  A quokka (D:1)
  4 bats
  2 frilled lizards
  8 kobolds
  7 rats
72 creatures vanquished.

Notes
Turn   | Place    | Note
-------+----------+-------------------------------------------
     0 | D:1      | Toastz the Vine Stalker Enchanter began the quest for the
                  | Orb.
     0 | D:1      | Reached XP level 1. HP: 9/9 MP: 4/4
   102 | D:1      | Reached skill level 1 in Short Blades
   188 | D:1      | Reached XP level 2. HP: 13/13 MP: 6/6
   194 | D:1      | Learned a level 2 spell: Ensorcelled Hibernation
   742 | D:2      | Reached XP level 3. HP: 17/17 MP: 1/7
  1370 | D:2      | Learned a level 3 spell: Confusing Touch
  1657 | D:3      | Reached skill level 1 in Ice Magic
  1861 | D:3      | Reached skill level 1 in Fighting
  1896 | D:3      | Reached XP level 4. HP: 22/22 MP: 8/8
  1990 | D:3      | Reached skill level 4 in Hexes
  2424 | D:3      | Found a faded altar of an unknown god.
  2430 | D:3      | Reached XP level 5. HP: 25/25 MP: 6/9
  2503 | D:3      | Found a hazy altar of Hepliaklqana.
  2700 | D:4      | Reached skill level 1 in Armour
  2756 | D:4      | Found a snail-covered altar of Cheibriados.
  2795 | D:4      | Found Linnoll's Weapon Boutique.
  2866 | D:4      | Reached XP level 6. HP: 9/30 MP: 3/10
  3073 | D:4      | Found a glowing golden altar of the Shining One.
  3097 | D:4      | Found Pakkeoba's Magic Scroll Shoppe.
  3110 | D:4      | HP: 1/30 [ogre/+0 giant spiked club (19)]
  3123 | D:4      | Demolished by an ogre

Illustrated notes

Levels and vault maps discovered:
D:1:      orjb1_clovarrival, layout_loops_ring
D:2:      layout_basic
D:3:      layout_basic, nicolae_hepliaklqana_hippocampus,
          dreamdust_ecumenical_altar_statues
D:4:      layout_loops_ring, tso_metal_star, kennysheep_slug_shrine,
          serial_shops, nicolae_take_the_stairs, shop,
          nicolae_shop_real_fake_doors

Skill      XL: |  1  2  3  4  5  6 |
---------------+-------------------+-----
Short Blades   | 1 2 |  2.3
Ice Magic      | 1 2 |  2.0
Fighting       | 1 2 |  2.0
Hexes          | 4 |  4.8
Armour         | 1 |  1.4
Dodging        | |  1.5
Stealth        | |  3.8
Spellcasting   | |  2.3

Action                     |  1- 3 |  4- 6 || total
---------------------------+-------+-------++-------
  Melee: Dagger            |    46 |    30 ||    76
         Bite              |     3 |    16 ||    19
         Short sword       |    27 |    35 ||    62
   Cast: Ensorcelled Hiber |    20 |    19 ||    39
         Confusing Touch   |     1 |     1 ||     2
    Use: Scroll            |     2 |     3 ||     5
         Potion            |       |     1 ||     1
   Stab: Sleeping          |    27 |    12 ||    39
         Confused          |     1 |       ||     1
         Invisible         |       |     3 ||     3
 Armour: Robe              |    30 |       ||    30
         Leather armour    |     4 |    41 ||    45
  Dodge: Dodged            |    28 |    33 ||    61

Table legend: (Time is in decaauts)
 A = Elapsed time spent in this place.
 B = Non-inter-level travel time spent in this place.
 C = Inter-level travel time spent in this place.
 D = Time resting spent in this place.
 E = Time spent auto-exploring this place.
 F = Levels seen in this place.
 G = Mean time per level.
                   A        B        C        D        E       F      G
               +--------+--------+--------+--------+--------+-----+--------+
         Total |   3112 |   3025 |     87 |    224 |   2159 |   4 |  778.0 |
       Dungeon |   3112 |   3025 |     87 |    224 |   2159 |   4 |  778.0 |
               +--------+--------+--------+--------+--------+-----+--------+

Top non-repeatable levels by time:
     D:3: 1019 daAuts
     D:2: 900 daAuts
     D:1: 649 daAuts
     D:4: 543 daAuts
